 Dungeon Crawl Stone Soup version 0.29-a0-275-g389c0b56f3 (webtiles) character file.

Game seed: 5263194928257372129

539 cheechan the Bolt Thrower (level 7, -5/47 HPs)
             Began as an Octopode Hunter on Mar 11, 2022.
             Slain by Crazy Yiuf
             ... wielding a +2 quarterstaff of chaos
              (10 damage)
             ... on level 4 of the Dungeon.
             The game lasted 00:13:01 (2610 turns).

cheechan the Bolt Thrower (Octopode Hunter)         Turns: 2610, Time: 00:13:01

Health: -5/47      AC:  1    Str: 12    XL:     7   Next: 26%
Magic:  7/7        EV: 13    Int: 13    God:
Gold:   185        SH:  0    Dex: 14    Spells: 6/6 levels left

rFire   + . .      SeeInvis +   a - +2 hand crossbow
rCold   . . .      Faith    .   (no shield)
rNeg    . . .      Spirit   .   (helmet restricted)
rPois   .          Reflect  .   k - amulet of regeneration
rElec   .          Harm     .   o - ring of protection from fire
rCorr   .          Rampage  .   (no ring)
Will    +....                   (no ring)
Stlth   +++.......              (no ring)
HPRegen 0.95/turn               (no ring)
MPRegen 0.10/turn               (no ring)
                                (no ring)
                                (no ring)

@: lethally poisoned (-5 -> -6)
A: almost no armour, amphibious, 8 rings, camouflage 1, gelatinous body 1,
(nimble swimmer 1), tentacles, see invisible, strong-willed 1
a: no special abilities


You were on level 4 of the Dungeon.
You visited 1 branch of the dungeon, and saw 5 of its levels.

You collected 185 gold pieces.

Inventory:

Hand Weapons
 a - a +2 hand crossbow (weapon)
Missiles
 h - 82 stones
Jewellery
 k - an amulet of regeneration (around mantle)
 o - a ring of protection from fire (left tentacle)
Scrolls
 b - 4 scrolls of immolation
 c - 4 scrolls of teleportation
 d - a scroll of fog
 i - a scroll of magic mapping
Potions
 j - a potion of lignification
 m - 2 potions of haste
 p - 2 potions of curing
 q - 2 potions of might


   Skills:
 + Level 3.8 Fighting
 + Level 7.4 Crossbows
 + Level 2.6 Dodging
 + Level 2.7 Stealth


You had 6 spell levels left.
You didn't know any spells.
Your spell library contained the following spells:

 Spells                   Type           Power      Damage    Failure   Level
 Pain                     Necr           0%         1d4       30%         1
 Shock                    Conj/Air       0%         1d3       30%         1
 Summon Small Mammal      Summ           0%         N/A       30%         1
 Dazzling Flash           Conj/Hex       0%         N/A       67%         3
 Swiftness                Air            0%         N/A       67%         3
 Airstrike                Air            0%         N/A       97%         4
 Agony                    Necr           0%         N/A       100%        5
 Excruciating Wounds      Necr           0%         N/A       100%        5
 Silence                  Hex/Air        0%         N/A       100%        5


Dungeon Overview and Level Annotations

Branches:
Dungeon (5/15)
 Temple: D:4-7

Altars:

Shops:
D:4 [

Annotations:
D:4 Crazy Yiuf


Innate Abilities, Weirdness & Mutations

You cannot wear most types of armour.
You are amphibious.
You can wear up to eight rings at the same time.
Your skin changes colour to match your surroundings (Stealth+).
Your rubbery body absorbs attacks. (AC +1, EV +1)
((You are camouflaged when in or above water. (Stealth+)))
You have tentacles for arms and can constrict up to eight enemies at once.
You have supernaturally acute eyesight. (SInv)
You are strong-willed. (Will+)


Message History

You shoot a bolt.
The bolt hits Crazy Yiuf but does no damage.
Crazy Yiuf is moderately wounded.
Crazy Yiuf yells, "Cod water arga!"
Shoot: a) +2 hand crossbow
Press: ? - help, Q - select action, (/) - cycle Shift-Dir - straight line, f/p - Crazy Yiuf
Aim: Crazy Yiuf, wielding a +2 quarterstaff of chaos and wearing a +1 cloak of stealth (moderately wounded, 69% to hit)
You shoot a bolt. The bolt hits Crazy Yiuf.
Crazy Yiuf is heavily wounded.
Shoot: a) +2 hand crossbow
Press: ? - help, Q - select action, (/) - cycle Shift-Dir - straight line, f/p - Crazy Yiuf
Aim: Crazy Yiuf, wielding a +2 quarterstaff of chaos and wearing a +1 cloak of stealth (heavily wounded, 69% to hit)
You shoot a bolt. The bolt barely misses Crazy Yiuf.
Crazy Yiuf hits you with a +2 quarterstaff of chaos.
Crazy Yiuf draws strength from your wounds!
Shoot: a) +2 hand crossbow
Press: ? - help, Q - select action, (/) - cycle Shift-Dir - straight line, f/p - Crazy Yiuf
Aim: Crazy Yiuf, wielding a +2 quarterstaff of chaos and wearing a +1 cloak of stealth (lightly wounded, 69% to hit)
You shoot a bolt. The bolt hits Crazy Yiuf.
Crazy Yiuf is moderately wounded.
Crazy Yiuf hits you with a +2 quarterstaff of chaos!
Crazy Yiuf attacks as you move away!
Crazy Yiuf hits you with a +2 quarterstaff of chaos!
You are poisoned.
* * * LOW HITPOINT WARNING * * *
You feel very sick.
You feel very sick.
Okay, then.
You feel very sick.
You feel very sick.
You feel sick. Crazy Yiuf attacks as you move away!
Crazy Yiuf closely misses you.
You feel sick.
You feel sick.
You feel sick.
You feel sick.
Crazy Yiuf yells, "East bush wrapper!"
Crazy Yiuf attacks as you move away!
Crazy Yiuf hits you with a +2 quarterstaff of chaos!
You die...

#....#.### *,*,,
#........## *,**,
##....#.#..####.***
#.....#.>.......,,,
#.....#####..#.#***
#.....###......# *
#...........,..#
#...........,,.****
#.@...###...,,,,,,,
##.g...#
**##,,,,,,,
##......# *,,,,,**
#....####
****,,,,,,, #....#
*,,,,,,,,** #PP..#
*,****,*** #...##
*,***,,,*** ##.##
***,**,,,,,** #.##
*,,,*,,,,,,,#


You could see Crazy Yiuf.

Vanquished Creatures
  Grinder (D:3)
  Sigmund (D:2)
  A phantom (D:5)
  A hound (D:2)
  4 gnolls (D:3)
  An adder (D:4)
  A worm (D:3)
  A dart slug (D:3)
  An orc (D:3)
  6 bats
  6 endoplasms
  4 giant cockroaches
  5 goblins
  A hobgoblin (D:2)
  2 quokkas (D:2)
  5 ball pythons
  3 frilled lizards
  4 kobolds
  3 rats (D:1)
51 creatures vanquished.

Notes
Turn   | Place    | Note
-------+----------+-------------------------------------------
     0 | D:1      | cheechan the Octopode Hunter began the quest for the Orb.
     0 | D:1      | Reached XP level 1. HP: 14/14 MP: 1/1
   132 | D:1      | Reached XP level 2. HP: 18/19 MP: 2/2
   661 | D:2      | Reached XP level 3. HP: 24/24 MP: 3/3
  1052 | D:2      | Noticed Sigmund
  1073 | D:2      | Killed Sigmund
  1074 | D:2      | Reached skill level 6 in Crossbows
  1074 | D:2      | Reached XP level 4. HP: 30/30 MP: 4/4
  1074 | D:2      | Reached XP level 5. HP: 36/36 MP: 5/5
  1198 | D:2      | Found a faded altar of an unknown god.
  1208 | D:2      | Got Plato's Collected Works on Companions
  1759 | D:3      | Reached XP level 6. HP: 40/42 MP: 6/6
  1888 | D:3      | Noticed Grinder
  1961 | D:3      | Killed Grinder
  1962 | D:3      | Reached skill level 7 in Crossbows
  2153 | D:3      | Reached XP level 7. HP: 46/46 MP: 7/7
  2421 | D:4      | Found Irghem's Armour Emporium.
  2447 | D:4      | Gained mutation: You have supernaturally acute eyesight.
                  | (SInv) [potion of mutation]
  2447 | D:4      | Gained mutation: You are strong-willed. (Will+) [potion of
                  | mutation]
  2481 | D:4      | Noticed a steam dragon
  2502 | D:5      | Entered Level 5 of the Dungeon
  2589 | D:4      | Found a runed translucent door.
  2590 | D:4      | Noticed Crazy Yiuf
  2610 | D:4      | Slain by Crazy Yiuf

Illustrated notes

Levels and vault maps discovered:
D:1:      mainiacjoe_arrival_reflecting_pool, layout_rooms
D:2:      layout_loops_ring, shapermc_ecumenical_altar_rom_forum,
          wander_ebering_terrifying_dragon_lair, uniq_sigmund
D:3:      layout_loops_ring, uniq_grinder
D:4:      layout_rooms, lemuel_round_altar, mainiacjoe_overflow_alcove_1,
          serial_shops, shop_statue, minmay_manual_mess, uniq_duvessa,
          uniq_crazy_yiuf_cottage
D:5:      minmay_inner_zag, layout_gridville, nicolae_vehumet_radiance,
          minmay_temple_entry_trees

Skill      XL: |  1  2  3  4  5  6 |
---------------+-------------------+-----
Crossbows      | 6 7 |  7.4
Fighting       | 3 |  3.8
Stealth        | 2 |  2.7
Dodging        | |  2.6

Action                   |  1- 3 |  4- 6 |  7- 9 || total
-------------------------+-------+-------+-------++-------
Melee: Hand crossbow     |     4 |    10 |     4 ||    18
       Tentacles         |     2 |     1 |       ||     3
       Constrict         |     1 |     4 |     2 ||     7
 Fire: Hand crossbow     |    68 |    67 |    32 ||   167
  Use: Scroll            |       |       |    12 ||    12
       Potion            |       |       |     1 ||     1
Armor: Skin              |     4 |     4 |     1 ||     9
Dodge: Dodged            |    26 |    31 |    13 ||    70

Table legend: (Time is in decaauts)
 A = Elapsed time spent in this place.
 B = Non-inter-level travel time spent in this place.
 C = Inter-level travel time spent in this place.
 D = Time resting spent in this place.
 E = Time spent auto-exploring this place.
 F = Levels seen in this place.
 G = Mean time per level.
                   A        B        C        D        E       F      G
               +--------+--------+--------+--------+--------+-----+--------+
         Total |   2647 |   2647 |      0 |     10 |      0 |   5 |  529.4 |
       Dungeon |   2647 |   2647 |      0 |     10 |      0 |   5 |  529.4 |
               +--------+--------+--------+--------+--------+-----+--------+

Top non-repeatable levels by time:
     D:3: 935 daAuts
     D:2: 930 daAuts
     D:1: 588 daAuts
     D:4: 137 daAuts
     D:5: 55 daAuts
